Map: Para Site LE

Players

llllllllllll - Winner!

  • Race: Protoss Protoss
  • League: Master
  • Spawn Location: 11:00

Nathanias

  • Race: Terran Terran
  • League: Master
  • Spawn Location: 5:00

VOD

Have the link to the VOD?

Description

Time

  • Played on: Nov. 27, 2018, 3:29 p.m.
  • Length: 16:48
Show
View Real Time Build Order
Export as new Build Order

llllllllllll Protoss - Winner!

Build Orders: 1 Gate Expand, Archon Immortal 

Get SALT Encoding   

  12  0:00  Probe  
  13  0:13  Probe  
  14  0:18  Pylon  
  14  0:21  Probe  
  15  0:32  Probe  
  15  0:38  Gateway  
  16  0:44  Probe  
  16  0:48  Assimilator  
  17  0:56  Probe  
  18  1:08  Probe  
  19  1:20  Probe  
  20  1:26  Nexus  
  20  1:36  Cybernetics Core  
  20  1:39  Probe  
  21  1:44  Assimilator  
  21  1:51  Probe  
  21  1:53  Pylon  
  22  2:01  Probe  
  22  2:02  Stalker  
  23  2:09  Probe  
  23  2:14  Warp Gate  
  26  2:17  Probe  
  27  2:29  Probe  
  28  2:33  Stalker  
  29  2:40  Probe  
  29  2:41  Probe  
  31  2:45  Robotics Facility  
  31  2:49  Probe  
  31  2:53  Probe  
  31  2:57  Probe  
  33  2:58  Pylon  
  34  3:05  Probe  
  34  3:07  Probe  
  36  3:17  Probe  
  36  3:18  Stalker  
  36  3:19  Probe  
  40  3:23  Immortal  
  40  3:26  Shield Battery  
  40  3:30  Probe  
  45  3:42  Twilight Council  
  45  3:44  Probe x2  
  47  3:56  Probe x2  
  47  3:57  Observer  
  47  4:02  Shield Battery  
  49  4:04  Pylon, Blink  
  50  4:14  Immortal, Gateway  
  50  4:16  Gateway  
  54  4:30  Assimilator  
  54  4:33  Stalker  
  56  4:42  Nexus, Probe x2  
  58  4:50  Shield Battery  
  58  4:54  Probe x2  
  60  5:00  Assimilator  
  60  5:06  Probe  
  61  5:07  Forge  
  61  5:08  Forge  
  61  5:11  Probe  
  62  5:22  Protoss Ground Armor Level 1, Protoss Ground Weapons Level 1  
  62  5:26  Pylon  
  62  5:28  Pylon, Probe  
  62  5:35  Pylon  
  62  5:40  Robotics Facility  
  62  5:44  Probe x2  
  64  5:51  Pylon  
  64  5:56  Immortal, Probe x2  
  70  5:58  Probe  
  71  6:06  Charge, Probe  
  71  6:08  Probe x2  
  74  6:14  Probe  
  74  6:15  Assimilator  
  75  6:20  Assimilator, Probe x2  
  75  6:22  Zealot x2  
  75  6:24  Immortal  
  81  6:27  Shield Battery  
  81  6:28  Pylon, Zealot  
  81  6:32  Probe  
  88  6:40  Immortal  
  88  6:43  Probe x2  
  88  6:46  Probe  
  95  6:49  Pylon  
  95  6:59  Templar Archives  
  95  7:00  Protoss Ground Armor Level 2, Gateway  
  95  7:02  Gateway  
  95  7:03  Gateway  
  95  7:06  Probe  
  95  7:07  Probe  
  97  7:08  Protoss Ground Weapons Level 2  
  97  7:12  Immortal  
  101  7:26  Warp Prism  
  103  7:30  Probe x2  
  103  7:32  Pylon  
  103  7:35  High Templar x2  
  103  7:36  Zealot  
  111  7:40  Archon  
  111  7:41  Pylon  
  111  7:51  Gateway  
  111  7:54  Immortal, Gateway  
  111  7:56  High Templar, Gateway  
  111  7:57  High Templar  
  119  7:59  Probe x2  
  119  8:03  High Templar x2  
  119  8:04  Archon  
  125  8:07  Immortal  
  125  8:12  Archon  
  129  8:13  Zealot x2  
  129  8:19  Shield Battery  
  133  8:21  Gateway  
  133  8:24  Gateway  
  133  8:31  High Templar x2  
  133  8:33  Observer  
  138  8:36  Archon, Pylon  
  138  8:37  High Templar, Pylon  
  140  8:48  Pylon  
  140  8:50  Pylon  
  140  8:53  Pylon  
  140  8:55  High Templar x2  
  144  8:57  Zealot x2  
  144  8:58  High Templar, Zealot  
  144  8:59  Archon  
  144  9:02  Archon  
  152  9:07  Zealot x2  
  156  9:15  Zealot  
  156  9:16  Zealot  
  160  9:17  Zealot  
  160  9:18  Zealot x2  
  166  9:28  High Templar x2  
  166  9:29  Zealot  
  166  9:30  Zealot x2  
  176  9:32  Archon  
  176  9:33  Zealot  
  135  9:59  Zealot  
  119  10:00  Zealot  
  119  10:01  Zealot x5  
  119  10:02  Zealot x2  
  125  10:10  Warp Prism  
  125  10:11  Probe  
  125  10:12  Probe  
  125  10:17  Probe  
  128  10:22  Immortal  
  128  10:23  Probe  
  129  10:29  Probe  
  129  10:30  Probe  
  117  10:36  Probe  
  117  10:42  Probe x2  
  118  10:43  Immortal  
  118  10:47  Zealot x3  
  118  10:48  Zealot x3, Probe  
  118  10:49  Zealot  
  137  10:53  Immortal  
  137  10:54  Probe x2  
  131  11:00  Probe  
  131  11:02  Zealot x2  
  131  11:03  Zealot  
  134  11:11  High Templar x2  
  138  11:15  Immortal  
  138  11:17  High Templar x2, Nexus  
  138  11:18  High Templar x2  
  146  11:19  High Templar x2  
  146  11:20  Immortal, Archon  
  146  11:21  Archon  
  146  11:22  Archon  
  146  11:23  Archon  
  154  11:32  Pylon  
  158  11:44  Stalker x4  
  166  11:47  Stalker, Observer  
  166  11:53  Observer  
  170  12:06  Observer  
  169  12:11  Stalker  
  169  12:12  Stalker x4  
  169  12:15  Stalker x4  
  185  12:16  Stalker  
  189  12:29  Observer x2  
  189  12:31  Pylon  
  189  12:32  Pylon  
  189  12:33  Zealot  
  183  12:46  Stalker x2  
  183  12:47  Stalker x4  
  183  12:48  Stalker  
  142  13:01  Stalker x4  
  144  13:11  Stalker  
  144  13:12  Stalker x4  
  134  13:34  Stalker x2  
  134  13:35  Stalker x2  
  129  13:46  Stalker x2  
  116  13:59  Stalker x2  
  119  14:06  Probe x2  
  119  14:07  Probe  
  122  14:18  Probe  
  122  14:19  Probe  
  122  14:21  Probe  
  125  14:29  Warp Prism, Probe  
  125  14:31  Probe x2  
  124  14:40  Probe  
  124  14:43  Probe x2  
  129  14:48  Pylon  
  127  14:57  Stalker  
  127  14:58  Stalker x4  
  133  15:16  Observer  
  135  15:21  Assimilator  
  135  15:22  Stalker x5  
  135  15:23  Stalker  
  135  15:25  Assimilator  
  147  15:31  Stalker x3  
  151  15:49  Stalker, Observer  
  140  15:50  Stalker x5  
  145  16:03  Probe x3  
  142  16:15  Probe x3  
  145  16:18  Observer  
  141  16:46  Stalker  
Show
View Real Time Build Order
Export as new Build Order

Nathanias Terran 

Build Orders: Cyclone Opening, Mech 

Get SALT Encoding   

  12  0:01  SCV  
  13  0:13  SCV  
  14  0:16  Supply Depot  
  14  0:25  SCV  
  15  0:38  SCV  
  15  0:40  Barracks  
  16  0:44  Refinery  
  16  0:50  SCV  
  17  1:02  SCV  
  18  1:14  SCV  
  19  1:27  Orbital Command  
  19  1:28  Marine  
  20  1:43  Command Center  
  22  1:54  SCV  
  22  2:02  Factory  
  22  2:04  Barracks Tech Lab  
  21  2:09  Supply Depot, SCV  
  22  2:21  SCV  
  23  2:33  SCV  
  24  2:42  Command Center  
  23  2:54  SCV  
  23  2:56  Orbital Command  
  23  2:58  Cyclone  
  27  3:03  Refinery  
  27  3:10  Mag-Field Accelerator  
  27  3:12  SCV  
  28  3:22  SCV  
  28  3:24  SCV  
  31  3:34  SCV  
  31  3:36  SCV  
  31  3:39  Cyclone  
  35  3:46  SCV  
  35  3:47  Refinery  
  36  3:49  SCV  
  36  3:52  Refinery  
  36  3:53  Orbital Command  
  37  3:58  SCV  
  37  4:00  Supply Depot  
  37  4:01  SCV  
  38  4:10  SCV  
  38  4:13  SCV  
  43  4:17  Siege Tank  
  43  4:22  SCV x2  
  45  4:25  SCV  
  45  4:26  Supply Depot  
  46  4:31  Factory  
  46  4:34  SCV x2, Factory  
  46  4:37  SCV  
  49  4:42  Barracks Reactor  
  49  4:46  Engineering Bay, SCV x2  
  51  4:55  Supply Depot  
  51  4:56  Siege Tank  
  51  4:57  SCV  
  51  4:58  SCV  
  56  5:00  SCV  
  57  5:09  SCV  
  57  5:10  SCV  
  57  5:12  SCV  
  60  5:18  Factory Tech Lab  
  60  5:19  Sensor Tower  
  60  5:21  SCV  
  60  5:22  SCV  
  60  5:25  SCV  
  63  5:30  Armory  
  63  5:32  Armory  
  63  5:34  Missile Turret, SCV x2  
  63  5:35  Missile Turret  
  65  5:40  Supply Depot  
  66  5:43  Supply Depot  
  66  5:46  Siege Tank  
  66  5:49  Missile Turret, Siege Tank  
  71  5:51  SCV  
  71  5:54  SCV  
  73  6:09  SCV  
  74  6:12  Missile Turret  
  74  6:14  Orbital Command  
  74  6:15  Widow Mine x2, Missile Turret x2  
  74  6:17  Drilling Claws  
  78  6:19  Siege Tank  
  78  6:21  Terran Vehicle Weapons Level 1, Terran Vehicle And Ship Armor Level 1  
  78  6:22  SCV x2  
  83  6:34  Siege Tank  
  83  6:38  SCV  
  88  6:40  SCV  
  88  6:42  Missile Turret  
  88  6:43  SCV  
  88  6:44  Supply Depot x2  
  89  6:48  Widow Mine x2  
  89  6:50  SCV  
  89  6:52  SCV  
  95  6:56  SCV  
  96  7:01  Refinery  
  96  7:02  SCV  
  96  7:04  Refinery, Command Center  
  96  7:05  Siege Tank  
  96  7:08  SCV  
  101  7:16  Factory  
  101  7:18  Factory  
  101  7:19  Siege Tank  
  101  7:20  Widow Mine  
  106  7:25  Widow Mine  
  108  7:30  Supply Depot x2, Hi-Sec Auto Tracking, SCV  
  108  7:32  Supply Depot  
  109  7:40  Command Center  
  109  7:42  Siege Tank  
  114  7:44  Widow Mine  
  114  7:53  Widow Mine, Siege Tank  
  119  8:00  Missile Turret  
  119  8:02  Missile Turret  
  119  8:04  Factory Reactor  
  119  8:05  Supply Depot, Factory Tech Lab  
  119  8:08  Supply Depot  
  119  8:12  Widow Mine  
  121  8:20  Command Center  
  121  8:26  Terran Vehicle And Ship Armor Level 2, Terran Vehicle Weapons Level 2  
  121  8:29  Widow Mine, Siege Tank  
  126  8:39  Engineering Bay  
  126  8:46  Widow Mine x2  
  126  8:47  Widow Mine x2  
  134  8:49  Command Center  
  134  8:50  Refinery  
  134  8:51  Missile Turret, Planetary Fortress  
  134  8:52  Sensor Tower, Refinery  
  134  8:53  Missile Turret  
  134  9:04  Planetary Fortress  
  134  9:13  Starport  
  134  9:15  Starport  
  142  9:24  Hellion x4  
  142  9:25  Cyclone x3  
  151  9:40  Missile Turret  
  117  10:04  Siege Tank  
  117  10:05  Widow Mine x5, Siege Tank  
  117  10:10  Starport Tech Lab x2  
  110  10:26  Widow Mine x3  
  116  10:30  Siege Tank  
  116  10:31  Widow Mine  
  116  10:34  Fusion Core  
  104  10:36  Siege Tank  
  104  10:37  Starport  
  104  10:41  Siege Tank  
  102  10:48  Widow Mine  
  107  11:09  SCV  
  107  11:10  SCV  
  109  11:13  SCV  
  109  11:14  SCV x2  
  109  11:16  Planetary Fortress  
  112  11:26  Missile Turret  
  112  11:27  Battlecruiser x2, Starport Tech Lab  
  112  11:28  Missile Turret  
  112  11:32  Terran Ship Weapons Level 1  
  118  11:36  Siege Tank  
  123  11:47  Widow Mine x2  
  123  11:50  Battlecruiser  
  123  11:52  SCV x3  
  134  12:03  Command Center  
  134  12:13  Command Center  
  134  12:25  Weapon Refit  
  134  12:34  Battlecruiser x2  
  145  12:51  Widow Mine x5  
  138  12:58  Supply Depot  
  105  13:12  Widow Mine x3  
  101  13:21  Widow Mine x2  
  90  13:38  Widow Mine, Battlecruiser  
  90  13:40  Battlecruiser  
  93  13:46  Widow Mine  
  79  13:59  Widow Mine, SCV x3  
  84  14:08  Widow Mine  
  86  14:11  SCV  
  86  14:13  SCV  
  86  14:14  SCV  
  89  14:20  Widow Mine  
  91  14:32  SCV  
  91  14:33  SCV  
  93  14:45  Command Center  
  93  15:15  SCV x2  
  93  15:21  Supply Depot  
  93  15:42  Raven x2, SCV x3  
  100  15:53  Widow Mine x2  
  100  15:54  SCV x3  
  92  15:57  Supply Depot  
  83  16:07  SCV  
  81  16:14  Widow Mine x2  
Tags
 
Add a new tag
Caveats
  • Supply blocks, unpowered buildings, or Contaminate may cause inaccurate times.
  • Supply counts are checked every 10 seconds.